 Dungeon Crawl Stone Soup version 0.27.1 (webtiles) character file.

Game seed: 15370776722870716721

50 H0rd4k the Caller (level 3, 0/24 HPs)
             Began as a Barachi Summoner on Aug 26, 2021.
             Slain by a ball python (2 damage)
             ... on level 3 of the Dungeon.
             The game lasted 00:04:33 (2431 turns).

H0rd4k the Caller (Barachi Summoner)                Turns: 2431, Time: 00:04:33

Health: 0/24       AC:  3    Str:  9    XL:     3   Next: 79%
Magic:  3/7        EV:  9    Int: 16    God:
Gold:   45         SH:  0    Dex: 12    Spells: 4/8 levels left

rFire    . . .     SeeInvis .   (no weapon)
rCold    . . .     Faith    .   (no shield)
rNeg     . . .     Spirit   .   a - +0 robe
rPois    .         Reflect  .   (no helmet)
rElec    .         Harm     .   (no cloak)
rCorr    .         Rampage  .   (no gloves)
Will     .....                  b - +0 pair of boots
Stlth    ++........             (no amulet)
HPRegen  0.08/turn              (no ring)
MPRegen  0.10/turn              (no ring)

@: weak-willed, unable to hop, flying, constricted, slow
A: amphibious, slowness 1, strong legs 1, +LOS
a: Hop


You were on level 3 of the Dungeon.
You visited 1 branch of the dungeon, and saw 3 of its levels.

You collected 45 gold pieces.

Inventory:

Armour
 a - a +0 robe (worn)
 b - a +0 pair of boots (worn)
Magical Staves
 h - a staff of earth
Scrolls
 d - a scroll of identify {unknown}
Potions
 c - 2 potions of flight
 e - 2 potions of brilliance {unknown}
 f - a potion of lignification {unknown}
 i - a potion of haste {unknown}


   Skills:
 + Level 2.2 Dodging
 - Level 1.7 Stealth
 + Level 0.1 Unarmed Combat
 * Level 3.0 Spellcasting
 * Level 5.8 Summonings


You had 4 spell levels left.
You knew the following spells:

 Your Spells              Type           Power      Damage    Failure   Level
a - Summon Small Mammal   Summ           84%        N/A       1%          1
b - Call Canine Familiar  Summ           21%        N/A       4%          3

Your spell library contained the following spells:

 Spells                   Type           Power      Damage    Failure   Level
 Call Imp                 Summ           21%        N/A       2%          2
 Summon Guardian Golem    Hex/Summ       11%        N/A       17%         3
 Ensorcelled Hibernation  Hex/Ice        4%         N/A       28%         2
 Spider Form              Tmut/Pois      1%         N/A       50%         3
 Summon Lightning Spire   Summ/Air       11%        N/A       50%         4
 Shadow Creatures         Summ           N/A        N/A       95%         6


Dungeon Overview and Level Annotations

Branches:
Dungeon (3/15)

Altars:

Annotations:
D:2 Robin


Innate Abilities, Weirdness & Mutations

You are amphibious.
You cover ground slowly.
You can hop short distances.
You have an extended range of vision and can be seen from far away.


Message History

The ball python's grasp on you weakens, but your attempt to escape fails.
The goblin hits you with a +0 club. The ball python barely misses you.
The ball python constricts you.
Unknown command.
You escape the ball python's grasp.
The ball python bites you. The ball python grabs you.
You stop ascending the stairs.
The ball python constricts you. The goblin hits you but does no damage.
The ball python misses you. The ball python closely misses you.
The ball python constricts you.
Unknown command.
You escape the ball python's grasp.
The goblin misses you. The ball python barely misses you.
The ball python grabs you.
You stop ascending the stairs.
The ball python constricts you.
Unknown command.
You escape the ball python's grasp.
The ball python bites you but does no damage.
The ball python grabs you.
You stop ascending the stairs.
The ball python constricts you. The ball python bites you.
Unknown command.
Unknown command.
As you read the scroll labelled TALUL PUTHROPNU, it crumbles to dust.
Magic quickly surges around you.
It was a scroll of vulnerability.
The ball python bites you but does no damage.
The ball python constricts you. The goblin closely misses you.
The ball python closely misses you. The ball python bites you.
* * * LOW HITPOINT WARNING * * *
The ball python constricts you.
As you read the scroll labelled HICUACK DIANNE, it crumbles to dust.
You feel aware of your surroundings.
You sensed 2 altars.
It was a scroll of magic mapping.
The goblin hits you with a +0 club.
* * * LOW HITPOINT WARNING * * *
The ball python closely misses you. The goblin hits you with a +0 dagger.
* * * LOW HITPOINT WARNING * * *
The ball python closely misses you. The ball python constricts you.
* * * LOW HITPOINT WARNING * * *
It was a potion of flight.
You feel very buoyant.
You fly up into the air.
The ball python barely misses you. The ball python bites you.
You die...

*,,,...............,,,,,,,
*,,,......................
*,,,,.....................
*******,,,,..........#.........
*,,,,,,,,,,*#.......#**#.......
*,***********#......####.......
*,* #................. *,*
#gSg...####....... *,*
#@.W.h............ *,*
#gS....###.#....<.
*,*###########r.....# #........
*,##................# #####.###
*,...............######## #.#
*,.8..r..8.####...Wr....###W###
*,....S....# #.####.##...S....
*,.....?.$.# #.# #.........##
*,.....>...# #.# #######r#..#


You could see a phantom (weak-willed), a black bear (weak-willed), a quokka
(weak-willed), a hobgoblin (weak-willed), 2 goblins and 2 ball pythons.

Vanquished Creatures
  A ball python (D:1)
1 creature vanquished.

Vanquished Creatures (collateral kills)
  Jessica (D:2)
  2 worms (D:2)
  A dart slug (D:2)
  2 endoplasms
  2 giant cockroaches
  13 goblins
  6 hobgoblins
  4 jackals (D:2)
  5 kobolds
  2 quokkas
  2 ball pythons (D:1)
  4 bats
  3 frilled lizards (D:1)
  A rat (D:1)
48 creatures vanquished.

Grand Total: 49 creatures vanquished

Notes
Turn   | Place    | Note
-------+----------+-------------------------------------------
     0 | D:1      | H0rd4k the Barachi Summoner began the quest for the Orb.
     0 | D:1      | Reached XP level 1. HP: 13/13 MP: 3/3
   270 | D:1      | Reached skill level 5 in Summonings
   487 | D:1      | Reached XP level 2. HP: 13/19 MP: 0/5
  1937 | D:2      | Reached XP level 3. HP: 24/24 MP: 1/6
  1941 | D:2      | Learned a level 3 spell: Call Canine Familiar
  2024 | D:2      | Noticed Jessica
  2050 | D:2      | Killed Jessica
  2207 | D:2      | Noticed Robin
  2213 | D:3      | Noticed a phantom
  2231 | D:3      | Noticed a black bear
  2431 | D:3      | Slain by a ball python

Illustrated notes

Levels and vault maps discovered:
D:1:      evilmike_arrival_rings, layout_basic
D:2:      layout_loops_ring, corexii_item_surrounded_by_moat, uniq_robin,
          uniq_jessica
D:3:      layout_rooms, lemuel_coloured_pillars_altar,
          mainiacjoe_overflow_cross_hatched, st_stairs_1,
          chequers_serial_rivers_marsh

Skill      XL: |  1  2  3 |
---------------+----------+-----
Summonings     | 5 |  5.8
Spellcasting   | 3 |  3.0
Dodging        | |  2.2
Stealth        | |  1.7
Unarmed Combat | |  0.1

Action                   || total
-------------------------++-------
Melee: Unarmed           ||    30
 Cast: Summon Small Mamm ||   106
 Abil: Hop               ||     2
  Use: Scroll            ||     2
       Potion            ||     1
 Stab: Distracted        ||     2
Armor: Robe              ||    40
Dodge: Dodged            ||    75
